 Dungeon Crawl Stone Soup version 0.18.1-8-gdd0e5ea (webtiles) character file.

154 protoss039 the Covered (level 5, -1/47 HPs)
             Began as a Minotaur Fighter on June 11, 2016.
             Slain by an ogre
             ... wielding a +0 giant spiked club
              (16 damage)
             ... on level 4 of the Dungeon.
             The game lasted 00:06:07 (2655 turns).

protoss039 the Covered (Minotaur Fighter)           Turns: 2655, Time: 00:06:08

Health: -1/47      AC: 11    Str: 22    XL:     5   Next: 13%
Magic:  4/4        EV:  7    Int:  5    God:
Gold:   122        SH: 11    Dex:  9    Spells: 0 memorised, 4 levels left

rFire  . . .     SeeInvis .     a - +1 war axe
rCold  . . .     Gourm    .     b - +0 scale mail
rNeg   . . .     Faith    .     w - +2 shield
rPois  .         Spirit   .     (helmet restricted)
rElec  .         Dismiss  .     (no cloak)
rCorr  .         Reflect  .     (no gloves)
SustAt .         Harm     .     (no boots)
MR     .....                    (no amulet)
Stlth  +.........               g - ring of stealth
                                e - +4 ring of protection

@: not resistant to hostile enchantments, very unstealthy
A: retaliatory headbutt, horns 2
a: no special abilities


You were on level 4 of the Dungeon.
You were hungry.

You visited 1 branch of the dungeon, and saw 4 of its levels.

You collected 122 gold pieces.

Inventory:

Hand Weapons
 a - a +1 war axe (weapon)
Missiles
 j - 7 poisoned needles (quivered)
Armour
 b - a +0 scale mail (worn)
 w - a +2 shield (worn)
Jewellery
 e - a +4 ring of protection (left hand)
 g - a ring of stealth (right hand)
 x - an uncursed amulet of magic regeneration {unknown}
Wands
 k - a wand of teleportation (4/9)
Scrolls
 c - 2 scrolls of fog {unknown}
 i - a scroll of immolation {unknown}
 m - a scroll of remove curse
 r - a scroll of fear
 v - a scroll of recharging {unknown}
Potions
 d - a potion of might
 h - 2 potions of flight {unknown}
 l - a potion of brilliance {unknown}
 o - a potion of magic {unknown}
 p - a potion of heal wounds {unknown}
 s - a potion of curing {unknown}
 t - a potion of cancellation {unknown}
 u - a potion of haste {unknown}
Books
 n - a book of the Dragon

   Spells                             Type                      Level
   a - Flame Tongue                   Conjuration/Fire             1
   b - Cause Fear                     Hexes                        4
   c - Bolt of Fire                   Conjuration/Fire             6
   d - Dragon Form                    Transmutation                7
   e - Dragon's Call                  Summoning                    9
Comestibles
 f - 2 bread rations
 q - a slice of pizza


   Skills:
 + Level 4.3 Fighting
 * Level 3.4 Axes
 + Level 5.0 Armour
 - Level 0.2 Dodging
 + Level 4.8 Shields


You had 4 spell levels left.
You didn't know any spells.

Dungeon Overview and Level Annotations

Branches:
Dungeon (4/15)
 Temple: D:4-7

Altars:
Kikubaaqudgha
Nemelex Xobeh
Ru
The Shining One


Innate Abilities, Weirdness & Mutations

You reflexively headbutt those who attack you in melee.
You have a pair of horns on your head.


Message History

The ogre hits you with a giant spiked club!!
Ouch! That really hurt!
You hit the ogre.
You headbutt the ogre, but do no damage.
The ogre is moderately wounded.
The ogre hits you with a giant spiked club!
* * * LOW HITPOINT WARNING * * *
You are too injured to fight recklessly!
You are too injured to fight recklessly!
You are too injured to fight recklessly!
Found a robe.
Drink which item? (? for menu, Esc to quit)
Okay, then.
Press: ? - help, v - describe, . - travel
Here: an ogre, wielding a giant spiked club (lightly wounded)
The floor.
You slash the ogre! Your headbutt misses the ogre.
The ogre is severely wounded.
The ogre hits you with a giant spiked club!
You die...

..........#.##..###.....
###........#.#.....#.....
.#######.#.#.#..#......
..#.......).#.#.....#...
#.........#.#..<..#...
#.........#.#.#...#.#.#
#.........#.#.....# #.#
#............O#..##....
#............@+........
#.............#..###...
#.....................[
#######.........>###...
############ .


You could see an ogre.

Vanquished Creatures
  An orc priest (D:4)
  A worker ant (D:4)
  A gnoll (D:1)
  2 adders
  A worm (D:4)
  A dart slug (D:1)
  5 orcs
  3 ball pythons
  8 giant cockroaches
  2 goblins
  6 hobgoblins
  4 jackals
  A quokka (D:3)
  10 bats
  3 giant newts
  A jackal skeleton (D:4)
  6 kobolds
  6 rats
62 creatures vanquished.

Vanquished Creatures (others)
  A human (D:3)
1 creature vanquished.

Grand Total: 63 creatures vanquished

Notes
Turn   | Place    | Note
--------------------------------------------------------------
     0 | D:1      | protoss039 the Minotaur Fighter began the quest for the Orb.
     0 | D:1      | Reached XP level 1. HP: 19/19 MP: 0/0
   156 | D:1      | Reached XP level 2. HP: 25/27 MP: 1/1
   189 | D:1      | Reached skill level 4 in Armour
   298 | D:1      | Reached XP level 3. HP: 32/33 MP: 2/2
   925 | D:2      | Found a glowing golden altar of the Shining One.
  1487 | D:3      | Found an ancient bone altar of Kikubaaqudgha.
  1494 | D:3      | Noticed a human
  1495 | D:3      | Killed a human
  1887 | D:3      | Found a sacrificial altar of Ru.
  1896 | D:3      | Reached XP level 4. HP: 40/40 MP: 3/3
  2156 | D:4      | Found a sparkling altar of Nemelex Xobeh.
  2189 | D:4      | Reached skill level 5 in Armour
  2189 | D:4      | Reached XP level 5. HP: 18/47 MP: 4/4
  2623 | D:4      | Noticed an ogre
  2655 | D:4      | Slain by an ogre

Skill      XL: |  1  2  3  4 |
---------------+-------------+-----
Armour         | 4 5 |  5.0
Fighting       | 4 |  4.3
Shields        | 4 |  4.8
Axes           | 3 |  3.4
Dodging        | |  0.2

Action                   |  1- 3 |  4- 6 || total
-------------------------+-------+-------++-------
Melee: War axe           |    91 |    35 ||   126
       Headbutt          |    16 |     7 ||    23
  Use: Scroll            |     5 |     2 ||     7
 Stab: Paralysed         |       |     1 ||     1
  Eat: Chunk             |     3 |     2 ||     5
Armor: Scale mail        |    34 |    19 ||    53
Dodge: Dodged            |    35 |    17 ||    52
Block: Shield            |    52 |    21 ||    73
